 Dungeon Crawl Stone Soup version 0.24.0-28-g17ded55e90 (webtiles) character file.

Game seed: 4410853611616695537, levelgen mode: deterministic

11 Gildeon the Conjurer (level 2, -3/19 HPs)
             Began as a Mummy Conjurer on Nov 12, 2019.
             Slain by a gnoll
             ... wielding a +0 flail
              (8 damage)
             ... on level 1 of the Dungeon.
             The game lasted 00:01:46 (410 turns).

Gildeon the Conjurer (Mummy Conjurer)                Turns: 410, Time: 00:01:47

Health: -3/19      AC:  2    Str: 11    XL:     2   Next: 17%
Magic:  0/6        EV: 12    Int: 14    God:
Gold:   53         SH:  0    Dex: 12    Spells: 4/7 levels left

rFire    x . .     SeeInvis .   d - +0 club
rCold    + . .     Gourm    .   (no shield)
rNeg     + + +     Faith    .   a - +0 robe
rPois    ∞         Spirit   .   (no helmet)
rElec    .         Reflect  .   (no cloak)
rCorr    .         Harm     .   (no gloves)
MR       .....                  (no boots)
Stlth    ++........             (no amulet)
HPRegen  0.06/turn              (no ring)
MPRegen  0.10/turn              (no ring)

@: no status effects
A: no food or potions, fire vulnerability, cold resistance 1, negative energy
resistance 3, torment resistance, unbreathing
a: no special abilities


You were on level 1 of the Dungeon.
You were not hungry.

You visited 1 branch of the dungeon, and saw 1 of its levels.

You collected 53 gold pieces.

Inventory:

Hand Weapons
 d - a +0 club (weapon)
Missiles
 c - a throwing net (quivered)
Armour
 a - a +0 robe (worn)
Scrolls
 b - a scroll of enchant weapon {unknown}
 e - a scroll of noise {unknown}
 f - 2 scrolls of identify {unknown}


   Skills:
 + Level 1.9 Dodging
 - Level 1.5 Stealth
 + Level 3.0 Spellcasting
 + Level 3.4 Conjurations


You had 4 spell levels left.
You knew the following spells:

 Your Spells              Type           Power        Failure   Level  Hunger
a - Magic Dart            Conj           ##..         5%          1    N/A
b - Searing Ray           Conj           ##....       8%          2    N/A

Your spell library contained the following spells:

 Spells                   Type           Power        Failure   Level  Hunger
 Dazzling Spray           Conj/Hex       #.....       32%         3    N/A
 Iskenderun's Mystic Bla  Conj           ##......     45%         4    N/A
 Force Lance              Conj/Tloc      #.......     71%         4    N/A
 Fulminant Prism          Conj/Hex       #.........   71%         4    N/A

Dungeon Overview and Level Annotations

Branches:
Dungeon (1/15)

Altars:


Innate Abilities, Weirdness & Mutations

You do not eat or drink.
Your flesh is vulnerable to fire.
You are immune to poison.
Your flesh is cold resistant. (rC+)
You are immune to negative energy. (rN+++)
You are immune to unholy pain and torment.
You can survive without breathing.


Message History

The magic dart hits the gnoll.
The gnoll is moderately wounded.
Casting: Magic Dart (safe; 5% risk of failure)
Confirm with . or Enter, or press ? or * to list all spells.
Aiming: Magic Dart (safe; 5% risk of failure)
Press: ? - help, Shift-Dir - straight line, f/p - gnoll
Aim: a gnoll, wielding a +0 flail (moderately wounded)
The magic dart hits the gnoll.
The gnoll is heavily wounded.
The gnoll hits you with a +0 flail!
* * * LOW HITPOINT WARNING * * *
Casting: Magic Dart (safe; 5% risk of failure)
Confirm with . or Enter, or press ? or * to list all spells.
Aiming: Magic Dart (safe; 5% risk of failure)
Press: ? - help, Shift-Dir - straight line, f/p - gnoll
Aim: a gnoll, wielding a +0 flail (heavily wounded)
The magic dart hits the gnoll.
The gnoll is heavily wounded.
The gnoll hits you with a +0 flail!
You die...

##....)# .. #......####### #.#
#.###........# #.#
#...#.†......# #.#
#...#........# #.#
####...#........# ##.##
#......#........#
###...########.##.#..........#
#........§§†g@.##.#.#........#
#...##.####.####.##.#.(........#
. #.#≈≈≈.≈≈≈#.##.####.......#
####.+§§≈≈≈≈.'....# ####'####
#..†.#§.....§#.#..# #.#
###+##.#§§.<.≈§#...%#######.#
#....#.#§...§§§#.#..........#
#....#.+.≈≈≈≈≈.+..........%>#
#....#.#≈≈§.≈≈≈#...########'####


You could see a gnoll.

Vanquished Creatures
  A leopard gecko (D:1)
  3 goblins (D:1)
  2 kobolds (D:1)
  A bat (D:1)
  3 rats (D:1)
10 creatures vanquished.

Notes
Turn   | Place    | Note
-------+----------+-------------------------------------------
     0 | D:1      | Gildeon the Mummy Conjurer began the quest for the Orb.
     0 | D:1      | Reached XP level 1. HP: 13/13 MP: 4/4
   271 | D:1      | Reached XP level 2. HP: 19/19 MP: 3/6
   303 | D:1      | Learned a level 2 spell: Searing Ray
   410 | D:1      | Slain by a gnoll

Levels and vault maps discovered:
D:1:      ncdulo_lavacross, layout_basic

Skill      XL: |  1 |
---------------+----+-----
Spellcasting   | 3 |  3.0
Dodging        | |  1.9
Stealth        | |  1.5
Conjurations   | |  3.4

Action                   || total
-------------------------++-------
 Cast: Magic Dart        ||    23
Dodge: Dodged            ||     2
